 Dungeon Crawl Stone Soup version 0.27-a0-1158-gaa87e14f67 (webtiles) character file.

Game seed: 5513466125241661925

2979 avis the Reanimator (level 9, -6/73 HPs)
             Began as a Deep Dwarf Necromancer on May 15, 2021.
             Was a Believer of Makhleb.
             Killed by divine providence
             ... invoked by an orc priest
              (10 damage)
             ... on level 8 of the Dungeon.
             The game lasted 01:12:26 (10127 turns).

avis the Reanimator (Deep Dwarf Necromancer)       Turns: 10127, Time: 01:12:26

Health: -6/73      AC: 11    Str: 14    XL:     9   Next: 53%
Magic:  2/10       EV: 11    Int: 17    God:    Makhleb [**....]
Gold:   354        SH:  0    Dex: 13    Spells: 6/12 levels left

rFire    . . .     SeeInvis .   a - +2 dagger (venom)
rCold    . . .     Faith    .   (no shield)
rNeg     + . .     Spirit   .   s - +2 ring mail {rN+}
rPois    .         Reflect  .   (no helmet)
rElec    .         Harm     .   g - +0 cloak
rCorr    .         Rampage  .   x - +0 pair of gloves
Will     +....                  t - +0 pair of boots
Stlth    ++........             (no amulet)
HPRegen  0.00/turn              (no ring)
MPRegen  0.12/turn              (no ring)

@: hasted, very quick
A: damage resistance, heal wounds, sense surroundings 2, no regeneration
a: Heal Wounds, Renounce Religion, Minor Destruction


You were on level 8 of the Dungeon.
You worshipped Makhleb.
Makhleb was pleased with you.
You visited 2 branches of the dungeon, and saw 9 of its levels.
You also visited: Ossuary.

You collected 354 gold pieces.

Inventory:

Hand Weapons
 a - a +2 dagger of venom (weapon)
 b - a +3 flail
 r - a +1 short sword of draining
 I - a +2 scimitar of freezing
 N - a +0 mace of draining
Missiles
 d - 81 poisoned darts (quivered)
 h - 123 stones
 l - 3 datura-tipped darts
 p - 15 boomerangs
 v - 47 bolts
 y - 64 sling bullets
 J - 2 boomerangs of dispersal
 L - 4 atropa-tipped darts
 M - 15 arrows
Armour
 g - a +0 cloak (worn)
 s - a +2 ring mail of positive energy (worn)
 t - a +0 pair of boots (worn)
 x - a +0 pair of gloves (worn)
 H - a +0 chain mail
 O - a +0 kite shield
Magical Staves
 i - a staff of fire
Wands
 e - a wand of paralysis (19)
 k - a wand of mindburst (12)
Scrolls
 c - 2 scrolls of teleportation {unknown}
 f - a scroll of immolation {unknown}
 j - a scroll of fear
 o - 2 scrolls of magic mapping {unknown}
 z - a scroll of amnesia {unknown}
 F - a scroll of holy word
 G - a scroll of vulnerability {unknown}
Potions
 m - 2 potions of flight
 n - 3 potions of curing
 q - a potion of mutation
 u - a potion of resistance
 w - a potion of haste
 A - 3 potions of brilliance
 B - a potion of cancellation
 C - 2 potions of might
 D - 2 potions of ambrosia
 K - a potion of berserk rage


   Skills:
 - Level 2.0 Fighting
 - Level 5.0 Armour
 - Level 3.0 Dodging
 - Level 3.0 Stealth
 - Level 2.0 Spellcasting
 * Level 11.4 Necromancy
 + Level 5.4 Earth Magic
 - Level 3.0 Invocations
 + Level 5.7 Evocations


You had 6 spell levels left.
You knew the following spells:

 Your Spells              Type           Power      Damage    Failure   Level
a - Pain                  Necr           100%       1d9       1%          1
b - Sandblast             Erth           40%        2d10      4%          1
c - Animate Skeleton      Necr           80%        N/A       1%          1
d - Vampiric Draining     Necr           20%        2d8       1%          3

Your spell library contained the following spells:

 Spells                   Type           Power      Damage    Failure   Level
 Animate Dead             Necr           20%        N/A       3%          4
 Agony                    Necr           40%        N/A       10%         5
 Passwall                 Tmut/Erth      8%         N/A       19%         2
 Magic Dart               Conj           4%         1d3       36%         1
 Stone Arrow              Conj/Erth      20%        3d8       36%         3
 Searing Ray              Conj           2%         3d3       50%         2
 Dazzling Flash           Conj/Hex       2%         N/A       73%         3
 Lee's Rapid Deconstruct  Erth           10%        3d9*      73%         5
 Petrify                  Tmut/Erth      10%        N/A       77%         4
 Fulminant Prism          Conj/Hex       0%         3d6       98%         4
 Iskenderun's Mystic Bla  Conj/Tloc      1%         2d3       98%         4
 Irradiate                Conj/Tmut      0%         3d13      100%        5
 Blade Hands              Tmut           0%         N/A       100%        6
 Statue Form              Tmut/Erth      6%         N/A       100%        6
 Dragon Form              Tmut           0%         N/A       100%        7


Dungeon Overview and Level Annotations

Branches:
Dungeon (8/15)             Temple (1/1) D:4            Lair (0/6) D:8
Ossuary (visited)

Altars:
Ashenzari
Cheibriados
Dithmenos
Elyvilon
Gozag
Hepliaklqana
Makhleb
Nemelex Xobeh
Sif Muna
Trog
Vehumet
Wu Jian

Shops:
D:7 [


Innate Abilities, Weirdness & Mutations

You are resistant to damage.
You can heal yourself by infusing magical energy.
You passively map the area around you.
You do not regenerate.


Message History

You hit something. You barely miss something.
Something hits you but does no damage.
You barely miss something.
You hear some strange, mumbled words.
A puff of flame appears from out of thin air!
The puff of flame hits you.
The orc priest calls upon Beogh to heal the orc.
The orc's wounds heal themselves!
You miss something. Makhleb accepts your kill.
Reactivating autopickup.
You feel a bit more experienced. The orc priest is pulled toward you!
The warg is pulled toward you!
You hit the orc priest but do no damage.
The orc priest is poisoned.
The orc priest closely misses you.
You hit the orc priest.
The orc priest looks even sicker.
The orc priest is moderately wounded.
The orc priest barely misses you.
You hit the orc priest.
The orc priest looks as sick as possible!
The orc priest is moderately wounded.
You hit the orc priest.
The orc priest looks as sick as possible!
The orc priest is heavily wounded.
The orc priest invokes the aid of Beogh against you.
Beogh smites you!
* * * LOW HITPOINT WARNING * * *
You hit the orc priest.
The orc priest looks as sick as possible!
The orc priest is severely wounded.
The orc priest hits you with a +0 hand axe.
* * * LOW HITPOINT WARNING * * *
You barely miss the orc priest.
The orc priest is almost dead.
You feel less attractive to monsters.
You closely miss the orc priest.
The orc priest is almost dead.
The orc priest mumbles some strange prayers to Beogh against you.
Beogh smites you!
You die...

, ,,, #......###.
.....h.....# #.###.# ##
*....h.o ...#*#.#* #.#
.....oo ..##. * #.#
#..... #...# ..#
,,#.....,,#...# ##.## ###
*#.... *#...####...## ...
#...###....##.....##... ,
***#.oho@....#.......#.##
, *######..#....._.....##
, ##.###.......# # * , ,
#.# ##....^## #. , * *,
#.# ##...####.# * * ##.#
##.##...# , #..#
##......# # * * ##..#*
#.......### *
##...##.........##.


You could see a warg, an orc priest (extremely poisoned) and an orc.

Vanquished Creatures
  Prince Ribbit (D:6)
  2 wargs (D:8)
  A water moccasin (D:5)
  3 ogres
  A phantom (D:5)
  3 kobold brigands
  A bullfrog (D:8)
  4 scorpions
  5 water moccasin zombies
  A wyvern skeleton (D:7)
  4 wights (D:5)
  A gnoll shaman (D:4)
  A jelly (D:6)
  3 orc priests
  3 hounds
  A bullfrog skeleton (D:7)
  An iron imp (D:3)
  2 iguanas (D:7)
  12 orc wizards
  Terence (D:2)
  Natasha (thrice) (D:3)
  3 mummies
  4 adders
  A gnoll (D:4)
  A howler monkey skeleton (D:4)
  3 shadow imps
  An ufetubus (D:5)
  4 adder zombies (Ossuary)
  2 worms
  A dart slug (D:2)
  23 orcs
  7 ball pythons
  2 endoplasms (D:3)
  3 giant cockroaches
  5 gnoll zombies (Ossuary)
  7 goblins
  9 hobgoblins
  6 jackals
  2 quokkas
  4 bats
  2 frilled lizards
  3 hobgoblin zombies (Ossuary)
  16 kobolds
  A kobold zombie (Ossuary)
  4 orc zombies (Ossuary)
  3 rats
171 creatures vanquished.

Vanquished Creatures (collateral kills)
  A necrophage (D:5)
  A centaur (D:6)
  A gnoll (D:4)
  2 ball pythons
5 creatures vanquished.

Vanquished Creatures (others)
  A wizard (D:6)
  A gnoll (D:4)
2 creatures vanquished.

Grand Total: 178 creatures vanquished

Notes
Turn   | Place    | Note
-------+----------+-------------------------------------------
     0 | D:1      | avis the Deep Dwarf Necromancer began the quest for the
                  | Orb.
     0 | D:1      | Reached XP level 1. HP: 15/15 MP: 3/3
   294 | D:1      | Reached XP level 2. HP: 22/22 MP: 5/5
   489 | D:1      | Reached skill level 5 in Necromancy
  1039 | D:2      | Reached XP level 3. HP: 26/28 MP: 6/6
  1048 | D:2      | Learned a level 3 spell: Vampiric Draining
  1050 | D:2      | Learned a level 1 spell: Animate Skeleton
  1383 | D:2      | Found a faded altar of an unknown god.
  1386 | D:2      | Noticed Terence
  1405 | D:2      | Killed Terence
  1406 | D:2      | Reached XP level 4. HP: 31/36 MP: 1/7
  2433 | D:3      | Reached skill level 6 in Necromancy
  2477 | D:3      | Noticed Natasha
  2488 | D:3      | Killed Natasha
  2621 | D:3      | Found a shimmering blue altar of Sif Muna.
  2716 | D:3      | Found a burning altar of Makhleb.
  2717 | D:3      | Noticed Natasha
  2722 | D:3      | Killed Natasha
  2723 | D:3      | Reached XP level 5. HP: 42/42 MP: 4/8
  2727 | D:3      | Became a worshipper of Makhleb the Destroyer
  2868 | D:3      | Found a snail-covered altar of Cheibriados.
  3057 | D:3      | Noticed Natasha
  3067 | D:3      | Killed Natasha
  3068 | D:3      | Reached skill level 1 in Invocations
  3341 | D:4      | Found a broken altar of Ashenzari.
  3343 | D:4      | Found a hazy altar of Hepliaklqana.
  3345 | D:4      | Found a sparkling altar of Nemelex Xobeh.
  3408 | D:4      | Found a staircase to the Ecumenical Temple.
  3537 | D:4      | Found a sand-covered staircase.
  3558 | Ossuary  | Entered an ossuary
  3588 | Ossuary  | Reached skill level 1 in Fighting
  3634 | Ossuary  | Reached skill level 7 in Necromancy
  3634 | Ossuary  | Reached XP level 6. HP: 21/51 MP: 9/9
  3755 | Ossuary  | Reached * piety under Makhleb
  3997 | D:4      | Found a radiant altar of Vehumet.
  4009 | D:4      | Reached skill level 1 in Armour
  4009 | D:4      | Reached skill level 8 in Necromancy
  4009 | D:4      | Reached XP level 7. HP: 59/60 MP: 5/9
  4246 | D:4      | Found a white marble altar of Elyvilon.
  4728 | Temple   | Entered the Ecumenical Temple
  4767 | D:5      | Entered Level 5 of the Dungeon
  5016 | D:5      | Reached skill level 9 in Necromancy
  5083 | D:5      | Found a shadowy altar of Dithmenos.
  5560 | D:5      | Reached XP level 8. HP: 59/67 MP: 6/10
  5625 | D:5      | Reached skill level 1 in Evocations
  5784 | D:5      | Found an ornate altar of the Wu Jian Council.
  6115 | D:5      | Learned a level 1 spell: Sandblast
  6294 | D:5      | Reached skill level 1 in Earth Magic
  6764 | D:6      | Reached skill level 10 in Necromancy
  6858 | D:5      | Reached ** piety under Makhleb
  7677 | D:6      | Found a bloodstained altar of Trog.
  7679 | D:6      | Noticed a wizard
  7684 | D:6      | Killed a wizard
  8241 | D:7      | Gained mutation: You passively map the area around you.
                  | [Deep Dwarf growth]
  8241 | D:7      | Reached XP level 9. HP: 65/73 MP: 3/10
  8315 | D:7      | Noticed Prince Ribbit
  8519 | D:6      | Killed Prince Ribbit
  8520 | D:6      | Reached skill level 5 in Armour
  8599 | D:7      | Found Qairib's Armour Shoppe.
  9198 | D:7      | Reached skill level 11 in Necromancy
  9198 | D:7      | Reached skill level 5 in Evocations
 10017 | D:8      | Found an opulent altar of Gozag.
 10058 | D:8      | Found a staircase to the Lair.
 10078 | D:8      | Reached skill level 5 in Earth Magic
 10127 | D:8      | Killed from afar by an orc priest

Illustrated notes

Levels and vault maps discovered:
D:1:      matt_arrival_grand_opening, layout_basic
D:2:      layout_rooms, basic_ecumenical_altar, serial_aquarium,
          aquarium_bridge_square [aquarium_subvault_bridge,
          aquarium_subvault_balcony, aquarium_subvault_wall,
          aquarium_subvault_bridge], aquarium_bridge_long_joined
          [aquarium_subvault_wall, aquarium_subvault_wall,
          aquarium_subvault_bridge, aquarium_subvault_bridge,
          aquarium_subvault_bridge, aquarium_subvault_bridge],
          aquarium_window_fake, aquarium_window_2, aquarium_window_1,
          aquarium_view_2c, aquarium_balcony_1a, minmay_liquid_box,
          minmay_pentomino_t2, uniq_terence
D:3:      layout_basic, slow_altar_2, nicolae_overflow_crystal_walls,
          old_standard_altar, uniq_natasha
D:4:      layout_basic, nicolae_vehumet_altar_sigil, lemuel_round_altar,
          grunt_temple_overflow_diamond, temple_hall, gup_ossuary_entry_pyramid,
          serial_curves, eino_curves_02, eino_curves_02
D:5:      layout_loops_ring, lemuel_crystal_altar, lemuel_round_altar
D:6:      layout_cave_pools, trog_wizard, minivault_24, st_stairs_2,
          minmay_fountain_box
D:7:      layout_loops_ring, serial_shops, shop, uniq_prince_ribbit1
D:8:      layout_layer_cave, lemuel_round_altar, kennysheep_little_box,
          erik_lair_orcish_takeover, lightli_orcish_oven
Temple:   jpeg_temple_island

Skill      XL: |  1  2  3  4  5  6  7  8  9 |
---------------+----------------------------+-----
Spellcasting   | 2 |  2.0
Necromancy     | 5 6 7 8 9 10 11 | 11.4
Stealth        | 3 |  3.0
Dodging        | 3 |  3.0
Invocations    | 2 3 |  3.0
Fighting       | 1 2 |  2.0
Armour         | 1 3 4 5 |  5.0
Evocations     | 4 5 |  5.7
Earth Magic    | 3 5 |  5.4

Action                   |  1- 3 |  4- 6 |  7- 9 || total
-------------------------+-------+-------+-------++-------
Melee: Whip              |     6 |       |    11 ||    17
       Dagger            |    58 |    53 |   206 ||   317
       Morningstar       |       |   155 |    43 ||   198
       Flail             |       |       |    44 ||    44
Throw: Dart              |       |       |    14 ||    14
 Cast: Pain              |    31 |     1 |     2 ||    34
       Vampiric Draining |     5 |    17 |    83 ||   105
       Animate Skeleton  |     3 |    12 |    29 ||    44
       Sandblast         |       |       |     5 ||     5
 Abil: Heal Wounds       |       |     3 |     1 ||     4
  Use: Scroll            |       |    11 |     5 ||    16
       Potion            |       |     2 |     2 ||     4
 Stab: Sleeping          |     5 |     2 |       ||     7
Armor: Robe              |     5 |       |       ||     5
       Leather armour    |    16 |       |       ||    16
       Ring mail         |       |    42 |   181 ||   223
       Chain mail        |       |    68 |       ||    68
Dodge: Dodged            |    31 |   115 |   213 ||   359

Table legend: (Time is in decaauts)
 A = Elapsed time spent in this place.
 B = Non-inter-level travel time spent in this place.
 C = Inter-level travel time spent in this place.
 D = Time resting spent in this place.
 E = Time spent auto-exploring this place.
 F = Levels seen in this place.
 G = Mean time per level.
                   A        B        C        D        E       F      G
               +--------+--------+--------+--------+--------+-----+--------+
         Total |  10258 |   9541 |    717 |   3109 |   3632 |  10 | 1025.8 |
       Dungeon |   9891 |   9176 |    715 |   3109 |   3632 |   8 | 1236.4 |
        Temple |     25 |     23 |      2 |      0 |      0 |   1 |   25.0 |
       Ossuary |    342 |    342 |      0 |      0 |      0 |   1 |  342.0 |
               +--------+--------+--------+--------+--------+-----+--------+

Top non-repeatable levels by time:
     D:5: 2257 daAuts
     D:4: 1410 daAuts
     D:6: 1235 daAuts
     D:2: 1157 daAuts
     D:7: 1116 daAuts
     D:1: 1080 daAuts
     D:3: 1036 daAuts
     D:8: 597 daAuts
 Ossuary: 342 daAuts
  Temple: 25 daAuts
